 Dungeon Crawl Stone Soup version 0.30.1-9-gdf580d7c3d (webtiles) character file.

Game seed: 12076892873468251935

2302 bearlyready the Grappler (level 9, -7/69 (70) HPs)
             Began as a Naga Transmuter on Oct 16, 2023.
             Was an Initiate of Cheibriados.
             Mangled by Maggie
             ... wielding a +0 glaive
              (14 damage)
             ... on level 7 of the Dungeon on Oct 17, 2023.
             The game lasted 00:15:16 (7738 turns).

bearlyready the Grappler (Naga Transmuter)          Turns: 7738, Time: 00:15:17

HP:   -7/69 (70)    AC:  4    Str: 15    XL:     9   Next: 40%
MP:   12/12         EV: 10    Int: 16    God:    Cheibriados [......]
Gold: 404           SH:  0    Dex: 14    Spells: 6/12 levels left

rFire   . .          .
                       - Unarmed
rCold   + . .        (no shield)
rNeg    . . .        a - +0 robe
rPois   +            (no helmet)
rElec   .            x - scarf {shadows}
rCorr   .            (no gloves)
SInv    +            (no barding)
Will    +....        (no amulet)
Stlth   +            t - ring of protection from cold
HPRegen 0.31/turn    (no ring)
MPRegen 0.13/turn

%: no passive effects
@: about to teleport, short of breath, wereblooded (expiring), lightly drained,
very slow
A: AC +3, large, see invisible, deformed body, poison resistance, slowness 2,
spit poison 1, naga tail 1
a: Spit Poison, Renounce Religion


You were on level 7 of the Dungeon.
You worshipped Cheibriados.
Cheibriados was noncommittal.
You visited 2 branches of the dungeon, and saw 8 of its levels.

You collected 404 gold pieces.

Inventory:

Missiles
 l - 29 poisoned darts
 q - 6 boomerangs
 y - a javelin
 z - a throwing net
Armour
 a - a +0 robe (worn)
 v - an orb of energy
 x - a scarf of shadows (worn)
 A - a +0 pair of gloves
 E - a +2 cloak
Jewellery
 t - a ring of protection from cold (left hand)
Wands
 w - a wand of flame (17)
Scrolls
 c - 2 scrolls of enchant armour {unknown}
 d - 5 scrolls of teleportation
 e - 4 scrolls of identify
 g - 2 scrolls of blinking {unknown}
 h - 3 scrolls of amnesia {unknown}
 k - 2 scrolls of immolation {unknown}
 o - 2 scrolls of noise {unknown}
 p - a scroll of magic mapping {unknown}
 r - 4 scrolls of fog {unknown}
 s - 2 scrolls of enchant weapon {unknown}
 D - a scroll of vulnerability {unknown}
Potions
 f - 3 potions of curing
 i - 3 potions of mutation
 j - 2 potions of heal wounds
 m - 2 potions of might {unknown}
 n - 2 potions of resistance {unknown}
 u - 3 potions of cancellation {unknown}
 B - 2 potions of attraction {unknown}
 C - a potion of berserk rage {unknown}


   Skills:
 - Level 1.0 Fighting
 - Level 1.5 Dodging
 + Level 10.2 Unarmed Combat
 - Level 2.0 Spellcasting
 - Level 7.0 Transmutations
 - Level 4.1 Poison Magic


You had 6 spell levels left.
You knew the following spells:

 Your Spells              Type           Power      Damage    Failure   Level
a - Beastly Appendage     Tmut           48%        N/A       1%          1
b - Wereblood             Tmut           24%        N/A       1%          2
c - Spider Form           Tmut/Pois      19%        N/A       6%          3

Your spell library contained the following spells:

 Spells                   Type           Power      Damage    Failure   Level
 Ice Form                 Ice/Tmut       12%        N/A       43%         4
 Summon Guardian Golem    Hex/Summ       1%         N/A       52%         3
 Animate Dead             Necr           1%         N/A       90%         4
 Borgnjor's Vile Clutch   Necr/Erth      0%         N/A       99%         5
 Death Channel            Necr           0%         N/A       100%        6
 Orb of Destruction       Conj           0%         9d5       100%        7
 Spellforged Servitor     Conj/Summ      0%         N/A       100%        7


Dungeon Overview and Level Annotations

Branches:
Dungeon (7/15)             Temple (1/1) D:5

Altars:
Ashenzari
Cheibriados
Dithmenos
Elyvilon
Gozag
Hepliaklqana
Kikubaaqudgha
Makhleb
Nemelex Xobeh
Okawaru
Qazlal
Ru
Sif Muna
Trog
Uskayaw
Vehumet
Zin
The Shining One

Shops:
D:5 (

Annotations:
D:7 Maggie


Innate Abilities, Weirdness & Mutations

Your serpentine skin is tough. (AC +3)
You have supernaturally acute eyesight. (SInv)
Armour fits poorly on your strangely shaped body.
Your system is resistant to poisons. (rPois)
You cover ground very slowly.
You can spit poison.
You have a snake-like lower body.


Message History

You punch the bullfrog zombie!
The bullfrog zombie is moderately damaged.
You howl as the wereblood boils in your veins!
You hear a shout!
The bullfrog zombie hits you.
You barely miss the bullfrog zombie.
The bullfrog zombie is moderately damaged.
The bullfrog zombie closely misses you.
Maggie the Vainglorious comes into view.
She is wielding a +0 glaive.
You punch the bullfrog zombie!
The bullfrog zombie is heavily damaged.
The bullfrog zombie hits you.
You punch the bullfrog zombie!
The bullfrog zombie is almost destroyed.
You howl as the wereblood boils in your veins!
The bullfrog zombie hits you but does no damage.
You punch the bullfrog zombie!
You feel a bit better.
You destroy the bullfrog zombie!
Cheibriados thoroughly appreciates the change of pace.
Your primal bloodlust is almost over.
A hornet zombie comes into view.
Aiming: Spit Poison (1% risk of failure)
Press: ? - help, Shift-Dir - straight line, f - Maggie
Aim: Maggie, wielding a +0 glaive and wearing +0 steam dragon scales (64% to hit)
The splash of poison hits the wight.
The wight completely resists.
Maggie hits you from afar with a +0 glaive!
* * * LOW HITPOINT WARNING * * *
The wight hits you with a +2 short sword of freezing.
* * * LOW HITPOINT WARNING * * *
The wight freezes you.
* * * LOW HITPOINT WARNING * * *
As you read the scroll of teleportation, it crumbles to dust.
You feel strangely unstable.
You howl as the wereblood boils in your veins!
The wight hits you with a +2 short sword of freezing.
* * * LOW HITPOINT WARNING * * *
The wight freezes you.
* * * LOW HITPOINT WARNING * * *
Maggie hits you from afar with a +0 glaive!
You die...

...z. .. ...8 ####.##### ...
.........# .. #.###..[..# #..
#.#.......#
#.####.#.......######
######.Zz@....._..........
##......@###.......#.#####.
####...###..###.......#.#####.
......#⌠#....#.....###.#..##.
#....###÷.###.........##.##.
#.....)..# #####.#####.....
##........# #....# ####.#
#...####### #.#.## #.# #...#
#..)# #.#


You could see Maggie, a wight and a hornet zombie.

Vanquished Creatures
  A basilisk (D:7)
  A water moccasin (D:6)
  2 black bears
  An ogre (D:4)
  A kobold brigand (D:5)
  A bullfrog (D:6)
  3 scorpions
  10 wights
  A howler monkey (D:4)
  3 bullfrog zombies (D:7)
  5 hounds
  An orc priest (D:3)
  Crazy Yiuf (D:6)
  Natasha (thrice) (D:3)
  5 iguanas
  5 orc wizards
  A killer bee zombie (D:7)
  4 gnolls (D:3)
  13 adders
  2 white imps
  2 ufetubi
  A worm (D:5)
  19 orcs
  7 endoplasms
  6 giant cockroaches
  A goblin (D:3)
  2 jackals (D:3)
  6 quokkas
  3 training dummies (D:5)
  2 ball pythons
  5 bats
  A frilled lizard (D:1)
  18 kobolds
  3 rats
140 creatures vanquished.

Notes
Turn   | Place    | Note
-------+----------+-------------------------------------------
     0 | D:1      | bearlyready the Naga Transmuter began the quest for the
                  | Orb.
     0 | D:1      | Reached XP level 1. HP: 18/18 MP: 3/3
   313 | D:1      | Reached XP level 2. HP: 23/25 MP: 5/5
   968 | D:2      | Reached XP level 3. HP: 30/31 MP: 6/6
   971 | D:2      | Learned a level 2 spell: Wereblood
   975 | D:2      | Learned a level 3 spell: Spider Form
  1367 | D:2      | Reached skill level 1 in Poison Magic
  1396 | D:2      | Reached XP level 4. HP: 33/38 MP: 2/7
  1618 | D:3      | Reached skill level 4 in Unarmed Combat
  1903 | D:3      | Reached XP level 5. HP: 32/44 MP: 2/8
  2377 | D:3      | Found a faded altar of an unknown god.
  2389 | D:3      | Noticed Natasha
  2396 | D:3      | Killed Natasha
  2481 | D:3      | Noticed Natasha
  2489 | D:3      | Killed Natasha
  2490 | D:3      | Reached XP level 6. HP: 51/51 MP: 2/9
  2798 | D:3      | Noticed Natasha
  2806 | D:3      | Killed Natasha
  2948 | D:4      | Reached skill level 5 in Unarmed Combat
  3177 | D:4      | Reached XP level 7. HP: 38/57 MP: 10/10
  3576 | D:4      | Found a white marble altar of Elyvilon.
  3662 | D:4      | Reached skill level 5 in Transmutations
  4176 | D:4      | Reached skill level 6 in Unarmed Combat
  4357 | D:5      | Entered Level 5 of the Dungeon
  4731 | D:5      | Reached XP level 8. HP: 45/64 MP: 5/11
  4925 | D:5      | Found a staircase to the Ecumenical Temple.
  4961 | Temple   | Entered the Ecumenical Temple
  5217 | D:5      | Found Kazxuff's Firing Range.
  5292 | D:5      | Found an iron altar of Okawaru.
  5293 | D:5      | Found an ancient bone altar of Kikubaaqudgha.
  5293 | D:5      | Found a glowing silver altar of Zin.
  5294 | D:5      | Found a sparkling altar of Nemelex Xobeh.
  5453 | D:6      | Reached skill level 7 in Unarmed Combat
  5727 | D:6      | Found a shadowy altar of Dithmenos.
  6346 | D:6      | Reached skill level 8 in Unarmed Combat
  6797 | D:6      | Found a snail-covered altar of Cheibriados.
  6830 | D:6      | Became a worshipper of Cheibriados the Contemplative
  6868 | D:6      | Reached XP level 9. HP: 59/70 MP: 12/12
  6984 | D:6      | Found a runed translucent door.
  6985 | D:6      | Noticed Crazy Yiuf
  6992 | D:6      | Killed Crazy Yiuf
  7071 | D:7      | Found a hide-covered altar of Uskayaw.
  7120 | D:7      | Reached skill level 9 in Unarmed Combat
  7725 | D:7      | Reached skill level 10 in Unarmed Combat
  7733 | D:7      | Noticed Maggie
  7738 | D:7      | Mangled by Maggie

Illustrated notes

Levels and vault maps discovered:
D:1:      denvon_arrival_planthouse, layout_loops_ring, serial_glass,
          glass_columns_c, glass_columns_c, glass_columns_b, glass_columns_a,
          glass_columns_a, glass_columns_a, glass_columns_a, glass_columns_c,
          glass_columns_c, glass_columns_a, glass_columns_a, glass_columns_b,
          glass_columns_b, glass_columns_a
D:2:      layout_basic, hangedman_decor_clover_reticule,
          minmay_fractal_squares_gapless_5
D:3:      layout_loops_ring, basic_ecumenical_altar, nrook_uturn,
          minmay_misc_feat_rows, amcnicky_mini_pool_small,
          minmay_misc_feat_doors, uniq_natasha
D:4:      layout_cave_pods, mainiacjoe_overflow_surrounded_room,
          chequers_mini_garden
D:5:      layout_cave_pools, chequers_temple_overflow_statue_of_worship,
          temple_statues, nicolae_shop_firing_range
D:6:      nicolae_cairo_tiling, layout_loops_ring, grunt_temple_overflow_open,
          uniq_crazy_yiuf_cottage
D:7:      layout_loops_cross, nicolae_overflow_crystal_walls, serial_undead,
          serial_undead_a, serial_undead_d, serial_undead_c, serial_undead_e,
          serial_undead_d, serial_shops, nicolae_shop_rolling_square,
          feat_on_display, uniq_maggie, uniq_joseph
Temple:   hellmonk_temple_beads

Skill      XL: |  1  2  3  4  5  6  7  8  9 |
---------------+----------------------------+-----
Poison Magic   | 1 2 3 4 |  4.1
Transmutations | 3 4 6 7 |  7.0
Unarmed Combat | 4 5 6 8 10 | 10.2
Fighting       | |  1.0
Dodging        | |  1.5
Spellcasting   | |  2.0

Action                     |  1- 3 |  4- 6 |  7- 9 || total
---------------------------+-------+-------+-------++-------
  Melee: Unarmed           |   101 |   136 |   329 ||   566
         Punch             |     5 |     2 |    12 ||    19
   Cast: Spider Form       |     1 |     8 |     8 ||    17
         Wereblood         |     1 |     1 |     4 ||     6
Ability: Spit Poison       |     4 |    12 |    16 ||    32
         End Transformatio |       |     1 |       ||     1
    Use: Potion            |       |     1 |     2 ||     3
         Scroll            |       |       |     4 ||     4
   Stab: Sleeping          |       |       |     2 ||     2
 Armour: Robe              |    19 |    10 |    46 ||    75
         Skin              |     1 |     3 |    13 ||    17
  Dodge: Dodged            |    59 |    83 |   178 ||   320
